 Dungeon Crawl Stone Soup version 0.30-a0-778-g2ef04afb54 (webtiles) character file.

Game seed: 6466405332024712961

11 Pimp the Insei (level 2, -4/22 HPs)
             Began as a Djinni Transmuter on Feb 15, 2023.
             Slain by a gnoll
             ... wielding a +0 club
              (7 damage)
             ... on level 1 of the Dungeon.
             The game lasted 00:02:41 (600 turns).

Pimp the Insei (Djinni Transmuter)                   Turns: 600, Time: 00:02:42

Health: -4/22      AC:  2    Str:  9    XL:     2   Next: 40%
Gold:   17         EV: 12    Int: 14    God:
                   SH:  0    Dex: 13

rFire   + + .      SeeInvis .    e - +0 sling
rCold   x . .      Faith    .    (no shield)
rNeg    . . .      Spirit   .    a - +0 robe
rPois   ∞          Reflect  .    (helmet currently unavailable)
rElec   .          Harm     .    (no cloak)
rCorr   .          Rampage  .    (no gloves)
Will    .....                    (boots unavailable)
Stlth   +                        (no amulet)
HPRegen 0.23/turn                (no ring)
MPRegen 0.00/turn                (no ring)

@: appendages (expiring), flying
A: horns 2, flying, sickness immunity, fire resistance 2, cold vulnerability 1,
float, innate caster, HP casting, extra vitality 1
a: End Transformation


You were on level 1 of the Dungeon.
You had temporarily grown beastly horns.
You visited 1 branch of the dungeon, and saw 1 of its levels.

You collected 17 gold pieces.

Inventory:

Hand Weapons
 e - a +0 sling (weapon)
Missiles
 f - 4 stones (quivered)
Armour
 a - a +0 robe (worn)
Scrolls
 c - a scroll of blinking {unknown}
Potions
 b - a potion of lignification
 d - a potion of invisibility {unknown}


   Skills:
 + Level 1.0 Fighting
 + Level 0.1 Ranged Weapons
 + Level 2.3 Dodging
 + Level 3.3 Unarmed Combat
 + Level 1.8 Spellcasting


You couldn't memorise any spells.
You knew the following spells:

 Your Spells              Type           Power      Damage    Failure   Level
a - Beastly Appendage     Tmut           12%        N/A       12%         1
b - Wereblood             Tmut           6%         N/A       17%         2
c - Spider Form           Tmut/Pois      6%         N/A       34%         3
d - Ice Form              Ice/Tmut       6%         N/A       75%         4
Your spell library was empty.

Dungeon Overview and Level Annotations

Branches:
Dungeon (1/15)

Altars:


Innate Abilities, Weirdness & Mutations

You have temporarily grown beastly horns.
You are flying.
You are immune to sickness and miasma.
You are immune to poison.
Your flesh is very heat resistant. (rF++)
You are vulnerable to cold. (rC-)
You float through the air rather than walking.
You learn spells naturally, not from books.
Your magical power is your life essence.
You have superior vitality. (+4 MHP)


Message History

The giant cockroach is heavily wounded.
The giant cockroach barely misses you.
You shoot a sling bullet.
The sling bullet closely misses the giant cockroach.
The sling bullet hits the gnoll but does no damage.
The giant cockroach misses you. The giant cockroach barely misses you.
You shoot a sling bullet.
The sling bullet hits the giant cockroach but does no damage.
The giant cockroach is heavily wounded.
The giant cockroach bites you but does no damage.
The giant cockroach bites you.
You shoot a sling bullet.
The sling bullet closely misses the giant cockroach.
The sling bullet hits the gnoll but does no damage.
The giant cockroach barely misses you.
You shoot a sling bullet.
The sling bullet hits the giant cockroach but does no damage.
The giant cockroach is heavily wounded.
The giant cockroach bites you but does no damage.
The giant cockroach closely misses you.
You shoot a sling bullet.
The sling bullet closely misses the giant cockroach.
The sling bullet hits the gnoll but does no damage.
The giant cockroach closely misses you. x2
You shoot a sling bullet.
The sling bullet hits the giant cockroach.
You kill the giant cockroach!
The gnoll hits you with a +0 club.
You shoot a sling bullet. The sling bullet hits the gnoll.
The gnoll is moderately wounded.
The gnoll hits you with a +0 club!
Casting: Beastly Appendage (safe; 12% risk of failure)
Confirm with . or Enter, or press ? or * to list all spells.
You grow a pair of large bovine horns.
The gnoll hits you with a +0 club.
* * * LOW HITPOINT WARNING * * *
Your transformation is almost over.
The gnoll attacks as you move away! The gnoll hits you with a +0 club.
* * * LOW HITPOINT WARNING * * *
The gnoll attacks as you move away! The gnoll hits you with a +0 club!
You die...

##.......##
###.....## ##...##
##+## #.# #.#
######## ##.##
#....K.#
####...####.####g#
................@#
####...#.##..##..#
##.##.##........#
#.##.##.###..###
#.##.##.. ...#
#.##.######.##
#.##.. .. .#### ##


You could see a gnoll and a kobold.

Vanquished Creatures
  A dart slug (D:1)
  A bat (D:1)
  A giant cockroach (D:1)
  A goblin (D:1)
  A hobgoblin (D:1)
  4 ball pythons (D:1)
9 creatures vanquished.

Notes
Turn   | Place    | Note
-------+----------+-------------------------------------------
     0 | D:1      | Pimp the Djinni Transmuter began the quest for the Orb.
     0 | D:1      | Pimp set off with the following spells memorised: Beastly
                  | Appendage, Wereblood, Spider Form, Ice Form.
     0 | D:1      | Reached XP level 1. HP: 17/17 MP: 0/0
   225 | D:1      | Reached XP level 2. HP: 2/22 MP: 0/0
   600 | D:1      | Slain by a gnoll

Illustrated notes

Levels and vault maps discovered:
D:1:      dpeg_arrival_rhombi, layout_loops_corners

Action                     || total
---------------------------++-------
  Melee: Unarmed           ||    51
         Headbutt          ||     1
         Punch             ||     1
   Fire: Sling             ||     9
   Cast: Beastly Appendage ||     2
 Armour: Robe              ||    22
  Dodge: Dodged            ||    66

Table legend: (Time is in decaauts)
 A = Elapsed time spent in this place.
 B = Non-inter-level travel time spent in this place.
 C = Inter-level travel time spent in this place.
 D = Time resting spent in this place.
 E = Time spent auto-exploring this place.
 F = Levels seen in this place.
 G = Mean time per level.
                   A        B        C        D        E       F      G
               +--------+--------+--------+--------+--------+-----+--------+
         Total |    599 |    550 |     49 |      0 |    421 |   1 |  599.0 |
       Dungeon |    599 |    550 |     49 |      0 |    421 |   1 |  599.0 |
               +--------+--------+--------+--------+--------+-----+--------+

Top non-repeatable levels by time:
     D:1: 599 daAuts
